Map: Acropolis LE

Players

Mez - Winner!

  • Race: Terran Terran
  • League: Master
  • Spawn Location: 5:00

IIIIIIIIIIII

  • Race: Protoss Protoss
  • League: Master
  • Spawn Location: 11:00

VOD

Have the link to the VOD?

Description

Time

  • Played on: July 30, 2019, 11:30 a.m.
  • Length: 8:29
Show
View Real Time Build Order
Export as new Build Order

Mez Terran - Winner!

Build Orders: Reaper Expand 

Get SALT Encoding   

  12  0:01  SCV  
  13  0:13  SCV  
  14  0:17  Supply Depot  
  14  0:25  SCV  
  15  0:39  SCV  
  15  0:40  Barracks  
  16  0:44  Refinery  
  16  0:51  SCV  
  17  1:03  SCV  
  18  1:15  SCV  
  19  1:28  Reaper, Orbital Command  
  20  1:45  Command Center  
  20  1:55  Barracks  
  20  1:57  SCV  
  20  2:01  Barracks Reactor  
  21  2:10  SCV  
  21  2:13  Barracks  
  22  2:19  Supply Depot  
  22  2:22  SCV  
  23  2:41  SCV  
  23  2:42  Marine  
  23  2:43  Marine, Barracks Tech Lab  
  26  2:53  SCV  
  27  3:00  Orbital Command  
  27  3:04  Concussive Shells, Marine x2, Marauder  
  27  3:05  Marine  
  32  3:08  SCV  
  33  3:13  Engineering Bay  
  33  3:20  SCV  
  33  3:22  Marine x2  
  33  3:23  Marine  
  33  3:25  Marauder  
  39  3:32  SCV x2  
  41  3:40  Missile Turret  
  41  3:42  Missile Turret  
  41  3:48  Marine x3  
  42  3:50  Marine  
  42  3:53  Stimpack  
  44  3:57  SCV x2  
  46  4:13  Command Center  
  46  4:20  Supply Depot  
  46  4:27  Factory  
  46  4:32  Marine x4  
  46  4:33  SCV x2  
  52  4:45  SCV x2  
  54  4:50  Marine x3  
  47  5:00  Marine  
  47  5:01  SCV x2  
  47  5:05  Terran Infantry Weapons Level 1  
  48  5:08  Refinery, Marine  
  48  5:09  Refinery  
  48  5:10  Marine x2  
  51  5:18  Marine, Barracks  
  51  5:20  Barracks  
  52  5:23  Supply Depot  
  52  5:26  Marine, Orbital Command  
  52  5:28  Marine  
  54  5:34  Marine  
  54  5:35  SCV x2  
  57  5:36  Marine  
  57  5:41  Starport, Factory Reactor  
  58  5:44  Marine  
  58  5:47  SCV x2  
  61  5:50  Supply Depot  
  61  5:53  Marine, Orbital Command  
  61  5:54  Marine  
  64  5:59  SCV x2  
  64  6:02  Marine  
  67  6:05  Barracks Reactor  
  67  6:08  Barracks Reactor  
  67  6:09  Barracks Tech Lab  
  67  6:10  Missile Turret, Combat Shield  
  66  6:11  SCV x2  
  66  6:38  Marine x4  
  66  6:39  SCV x2  
  59  6:43  SCV  
  59  6:46  Medivac x2  
  64  6:47  Marine x2  
  64  6:48  Marine x2  
  64  6:51  SCV  
  64  6:53  Supply Depot  
  68  6:55  SCV x2, Marine  
  68  6:56  Marine x2, Supply Depot  
  73  7:02  Marine  
  73  7:05  Marine  
  73  7:07  SCV x2, Marine x3, Barracks x2  
  80  7:09  Barracks  
  80  7:12  SCV  
  80  7:13  Marine x2  
  83  7:16  Medivac x2  
  83  7:18  Supply Depot  
  83  7:19  SCV  
  88  7:25  SCV x2  
  88  7:26  Marine x3, Supply Depot  
  88  7:27  Marine  
  88  7:29  Marauder  
  96  7:31  Marauder  
  96  7:33  SCV  
  99  7:37  SCV x2  
  99  7:38  Refinery  
  101  7:45  SCV  
  101  7:49  SCV, Medivac x2  
  101  7:50  Command Center  
  107  7:57  Marauder x2, Barracks Tech Lab x2  
  111  7:59  Marine x4, Barracks Tech Lab  
Show
View Real Time Build Order
Export as new Build Order

IIIIIIIIIIII Protoss 

Build Orders: 1 Gate Expand, Oracle Opening 

Get SALT Encoding   

  12  0:00  Probe  
  13  0:13  Probe  
  14  0:17  Pylon  
  14  0:24  Probe  
  15  0:32  Probe  
  15  0:40  Probe, Gateway  
  16  0:47  Assimilator  
  17  0:51  Probe  
  18  1:00  Probe  
  19  1:08  Probe  
  19  1:17  Probe  
  21  1:30  Cybernetics Core  
  21  1:31  Probe  
  22  1:41  Nexus  
  22  1:45  Probe  
  23  1:59  Assimilator  
  23  2:05  Pylon  
  23  2:11  Stargate  
  23  2:23  Probe  
  23  2:28  Stalker  
  24  2:32  Pylon  
  24  2:35  Probe  
  27  2:45  Oracle  
  27  2:47  Probe  
  28  2:53  Probe  
  32  2:59  Probe  
  33  3:05  Probe  
  33  3:10  Nexus  
  34  3:13  Probe  
  34  3:14  Probe  
  36  3:24  Probe  
  36  3:25  Probe, Oracle  
  41  3:37  Probe x2  
  41  3:40  Assimilator  
  43  3:43  Assimilator  
  43  3:49  Probe x2  
  43  3:55  Pylon  
  45  4:01  Probe x2  
  45  4:02  Oracle  
  47  4:09  Probe  
  50  4:14  Probe  
  52  4:17  Probe  
  53  4:24  Stargate  
  53  4:25  Probe  
  53  4:26  Probe  
  53  4:28  Stargate  
  55  4:31  Pylon  
  55  4:33  Pylon  
  44  4:54  Oracle  
  44  4:58  Probe  
  43  5:00  Probe x2  
  43  5:06  Probe  
  44  5:09  Oracle  
  44  5:12  Probe x2  
  47  5:14  Probe  
  51  5:21  Probe  
  51  5:24  Probe  
  51  5:26  Probe  
  54  5:29  Probe  
  55  5:36  Probe  
  55  5:37  Nexus  
  55  5:38  Probe  
  55  5:42  Probe  
  57  5:43  Oracle  
  57  5:48  Probe  
  62  5:55  Oracle  
  65  5:58  Probe x2  
  65  6:00  Probe  
  65  6:02  Assimilator  
  65  6:03  Oracle  
  68  6:04  Assimilator  
  68  6:10  Probe  
  72  6:15  Oracle  
  65  6:36  Probe x3  
  59  6:48  Probe x2  
  59  6:50  Probe x2  
  59  6:51  Oracle  
  59  6:52  Oracle  
  69  6:56  Pylon  
  69  6:59  Probe  
  69  7:00  Probe x2, Oracle  
  71  7:02  Probe  
  71  7:07  Probe  
  73  7:12  Probe x2  
  73  7:13  Nexus  
  73  7:14  Probe  
  80  7:16  Probe  
  80  7:21  Oracle  
  81  7:23  Oracle  
  81  7:24  Probe x2  
  81  7:27  Probe  
  90  7:43  Oracle  
  87  7:48  Probe  
  87  7:49  Probe x2  
  87  7:50  Probe  
  91  7:57  Probe  
  91  8:01  Probe x2  
  91  8:02  Probe  
  91  8:05  Pylon  
  100  8:10  Nexus  
  92  8:13  Probe x2  
Tags
 
Add a new tag
Caveats
  • Supply blocks, unpowered buildings, or Contaminate may cause inaccurate times.
  • Supply counts are checked every 10 seconds.